 Dungeon Crawl Stone Soup version 0.30.1-11-g7821555f0a (webtiles) character file.

Game seed: 2336323078114656003

39 Nonny the Chiller (level 3, -8/19 HPs)
             Began as a Tengu Ice Elementalist on Oct 28, 2023.
             Killed by divine providence
             ... invoked by an orc priest
              (14 damage)
             ... on level 3 of the Dungeon.
             The game lasted 00:05:21 (1892 turns).

Nonny the Chiller (Tengu Ice Elementalist)          Turns: 1892, Time: 00:05:23

Health: -8/19      AC:  3    Str: 14    XL:     3   Next: 45%
Magic:  7/7        EV: 12    Int: 17    God:
Gold:   178        SH:  0    Dex: 14    Spells: 2/6 levels left

rFire   . . .        e - +0 quarterstaff
rCold   . . .        (shield currently unavailable)
rNeg    . . .        a - +0 robe
rPois   .            (helmet restricted)
rElec   .            (no cloak)
rCorr   .            l - +0 pair of gloves
SInv    .            (boots unavailable)
Will    .....        (no amulet)
Stlth   ++           i - +6 ring of strength
HPRegen 0.23/turn    (no ring)
MPRegen 0.10/turn

%: no passive effects
@: no status effects
A: beak, talons 3
a: no special abilities


You were on level 3 of the Dungeon.
You visited 1 branch of the dungeon, and saw 3 of its levels.

You collected 178 gold pieces.

Inventory:

Hand Weapons
 e - a +0 quarterstaff (weapon)
Armour
 a - a +0 robe (worn)
 l - a +0 pair of gloves (worn)
Jewellery
 i - a +6 ring of strength (left hand)
Scrolls
 c - 2 scrolls of identify {unknown}
 d - 2 scrolls of enchant armour {unknown}
 f - a scroll of enchant weapon {unknown}
 g - 2 scrolls of poison {unknown}
 h - a scroll of noise {unknown}
 j - a scroll of silence {unknown}
 k - a scroll of fog {unknown}
Potions
 b - a potion of magic


   Skills:
 - Level 2.1 Dodging
 * Level 2.4 Stealth
 + Level 2.4 Spellcasting
 + Level 4.2 Ice Magic


You had 2 spell levels left.
You knew the following spells:

 Your Spells              Type           Power      Damage    Failure   Level
a - Freeze                Ice            64%        1d7       3%          1
b - Frozen Ramparts       Ice            32%        1d5       10%         3

Your spell library contained the following spells:

 Spells                   Type           Power      Damage    Failure   Level
 Ozocubu's Armour         Ice            16%        N/A       10%         3
 Stone Arrow              Conj/Erth      4%         3d7       50%         3
 Summon Ice Beast         Ice/Summ       9%         N/A       61%         4
 Animate Armour           Summ/Erth      4%         N/A       88%         4
 Lehudib's Crystal Spear  Conj/Erth      1%         10d2      100%        8


Dungeon Overview and Level Annotations

Branches:
Dungeon (3/15)

Altars:
Zin


Innate Abilities, Weirdness & Mutations

You have a beak for a mouth.
You have claws for feet.


Message History

An orc wizard comes into view. It is wielding a +0 dagger.
You now have 164 gold pieces (gained 22).
You now have 178 gold pieces (gained 14).
A bat comes into view.
The orc wizard shouts!
You hear a shout! x3
The orc wizard gestures wildly while chanting.
The orc wizard flickers and vanishes!
Deactivating autopickup; reactivate with Ctrl-A.
An orc and a hobgoblin come into view.
The hobgoblin shouts!
You are confused.
The bat barely misses you.
A magic dart appears from out of thin air!
The magic dart hits you!
An orc wizard comes into view. It is wielding a +0 dagger.
Unknown command.
You are too confused!
Unknown command.
Okay, then.
An orc priest, a quokka and a bat come into view.
The orc priest is wielding a +0 mace of holy wrath.
Found an escape hatch in the floor.
The orc priest shouts!
You barely miss the bat. The bat closely misses you.
You're too confused to move!
The bat hits you but does no damage.
You're too confused to move!
The bat hits you but does no damage. The orc hits you with a +0 club.
The hobgoblin hits you.
You're too confused to move!
You feel less confused. The bat hits you but does no damage.
The hobgoblin barely misses you.
The orc wizard gestures at you while chanting.
You resist with significant effort. The bat attacks as you move away!
The bat closely misses you. The quokka attacks as you move away!
The quokka bites you but does no damage.
The bat barely misses you.
The orc priest invokes the aid of Beogh against you.
Beogh smites you!
Ouch! That really hurt!
You die...

#........ ##### #........
#....##.......>
#.....#........
#.....#........
...#.....#..o..........
...##....#bg..##......#
.........r..o..#......#
.....#..@o..#........#
#...#...b.)#........
..#...#......#.....#######
#...................##....
#...................##.###
......#..#...#......##.#
......#..#._.#......##.###
..###.#..#...#..######....
. . ....................


You could see an orc priest, an orc wizard, an orc, a quokka, a hobgoblin and 2
bats.

Vanquished Creatures
  An adder (D:2)
  4 ball pythons
  2 bats
  An endoplasm (D:1)
  3 giant cockroaches
  4 goblins
  2 hobgoblins (D:3)
  2 jackals (D:3)
  5 kobolds
  A quokka (D:1)
  A rat (D:1)
26 creatures vanquished.

Notes
Turn   | Place    | Note
-------+----------+-------------------------------------------
     0 | D:1      | Nonny the Tengu Ice Elementalist began the quest for the
                  | Orb.
     0 | D:1      | Reached XP level 1. HP: 10/10 MP: 4/4
     0 | D:1      | Starting vault: garden party
   250 | D:1      | Reached XP level 2. HP: 15/15 MP: 3/6
   546 | D:1      | Reached skill level 4 in Ice Magic
  1079 | D:2      | Found a glowing silver altar of Zin.
  1087 | D:2      | Reached XP level 3. HP: 12/19 MP: 1/7
  1146 | D:2      | Learned a level 3 spell: Frozen Ramparts
  1867 | D:3      | Found a faded altar of an unknown god.
  1892 | D:3      | Killed from afar by an orc priest

Illustrated notes

### #.. #.#
###.###
##≈#.#≈ #
##≈P≈~≈ ≈#
#≈P8P~♣8♣
#≈P.@.♣
#≈P...P≈#
#≈P8P.P8P≈#
##≈P...P≈##
##≈#.#≈##
###.### ...
###


Turn 0 on D:1: Starting vault: garden party

Levels and vault maps discovered:
D:1:      ldierk_walled_garden_2, layout_basic
D:2:      layout_basic, basic_altar
D:3:      layout_basic, nicolae_sif_muna_condensation,
          nicolae_gozag_seed_capital, hellmonk_ecumenical_altar_lost_god,
          uniq_ijyb

Skill      XL: |  1  2 |
---------------+-------+-----
Ice Magic      | 4 |  4.2
Dodging        | |  2.1
Stealth        | |  2.4
Spellcasting   | |  2.4

Action                     || total
---------------------------++-------
  Melee: Quarterstaff      ||     1
   Cast: Freeze            ||    43
 Armour: Robe              ||    10
  Dodge: Dodged            ||    28
